 Dungeon Crawl Stone Soup version 0.28-a0-794-gafe8c5f9e9 (webtiles) character file.

Game seed: 15067122769173928448

1088 freelancePsychic the Magician (level 8, -1/59 HPs)
             Began as a Djinni Air Elementalist on Nov 5, 2021.
             Was an Initiate of Makhleb.
             Slain by a meliai zombie (10 damage)
             ... on level 6 of the Dungeon.
             The game lasted 00:08:09 (9002 turns).

freelancePsychic the Magician (DjAE)                Turns: 9002, Time: 00:08:10

Health: -1/59      AC:  3    Str:  7    XL:     8   Next: 56%
Gold:   362        EV: 12    Int: 18    God:    Makhleb [......] SH:  0 Dex: 15

rFire   + + .      SeeInvis .   (no weapon)
rCold   x . .      Faith    .   (no shield)
rNeg    . . .      Spirit   .   a - +0 robe
rPois   ∞          Reflect  .   (no helmet)
rElec   .          Harm     .   (no cloak)
rCorr   .          Rampage  .   t - +0 pair of gloves
Will    .....                   (boots unavailable)
Stlth   ++........              (no amulet)
HPRegen 0.19/turn               (no ring)
MPRegen 0.00/turn               (no ring)

@: flying
A: sickness immunity, fire resistance 2, cold vulnerability 1, float, innate
caster, hp casting, extra vitality 1
a: Renounce Religion


You were on level 6 of the Dungeon.
You worshipped Makhleb.
Makhleb was noncommittal.
You visited 2 branches of the dungeon, and saw 7 of its levels.

You collected 362 gold pieces.

Inventory:

Missiles
 m - a throwing net
Armour
 a - a +0 robe (worn)
 t - a +0 pair of gloves (worn)
Jewellery
 i - a ring of fire
Wands
 k - a wand of flame (27)
 l - a wand of iceblast (12)
Scrolls
 c - 4 scrolls of fear
 e - 3 scrolls of fog
 g - a scroll of enchant armour {unknown}
 n - a scroll of teleportation {@r4}
Potions
 b - 2 potions of attraction {unknown}
 d - 2 potions of heal wounds {unknown}
 f - 2 potions of curing {@q1}
 j - a potion of flight {unknown}
 q - a potion of mutation {unknown}
 r - a potion of magic {unknown}
 s - a potion of invisibility {unknown}


   Skills:
 + Level 5.2 Fighting
 - Level 2.1 Dodging
 - Level 1.5 Stealth
 * Level 6.4 Spellcasting


You had 3 spell levels left.
You knew the following spells:

 Your Spells              Type           Power      Damage    Failure   Level
a - Shock                 Conj/Air       100%       1d9       1%          1
b - Static Discharge      Conj/Air       29%        N/A       1%          2
c - Swiftness             Air            29%        N/A       2%          3
d - Airstrike             Air            14%        N/A       8%          4
e - Slow                  Hex            100%       N/A       1%          1
f - Wereblood             Tmut           29%        N/A       1%          2
g - Conjure Flame         Conj/Fire      29%        6-21      2%          3
Your spell library was empty.

Dungeon Overview and Level Annotations

Branches:
Dungeon (6/15)             Temple (1/1) D:4

Altars:
Ashenzari
Cheibriados
Dithmenos
Elyvilon
Fedhas
Gozag
Hepliaklqana
Makhleb
Qazlal
Ru
Sif Muna
Uskayaw
Vehumet
Wu Jian
Xom
Yredelemnul

Annotations:
D:5 1 runed translucent door, ytrimaz's ghost, amateur DsGl


Innate Abilities, Weirdness & Mutations

You are immune to sickness and miasma.
You are immune to poison.
Your flesh is very heat resistant. (rF++)
You are vulnerable to cold. (rC-)
You float through the air rather than walking.
You learn spells naturally, not from books.
Your magical power is your life essence.
You have superior vitality. (+4 HP)


Message History

You start resting.
A meliai zombie comes into view.
The meliai zombie completely misses you.
The meliai zombie hits you but does no damage.
Okay, then.
The meliai zombie misses you. The meliai zombie barely misses you.
Casting: Shock (safe; 1% risk of failure)
Confirm with . or Enter, or press ? or * to list all spells.
Aiming: Shock (safe; 1% risk of failure)
Press: ? - help, Shift-Dir - straight line, f/p - orc priest
Aim: an orc priest, wielding a +0 mace and wearing a +0 leather armour (severely wounded, 74% to hit)
The zap hits the meliai zombie!
The meliai zombie is lightly damaged.
The zap hits the orc priest!
You kill the orc priest!
Makhleb accepts your kill. The meliai zombie misses you.
The meliai zombie hits you!
The meliai zombie completely misses you.
The meliai zombie hits you!
Casting: Shock (safe; 1% risk of failure)
Confirm with . or Enter, or press ? or * to list all spells.
The meliai zombie is struck by an arc of lightning.
The meliai zombie is moderately damaged.
You are struck by an arc of lightning.
The lightning grounds out.
The meliai zombie hits you!
* * * LOW HITPOINT WARNING * * *
The meliai zombie misses you. The meliai zombie hits you!
* * * LOW HITPOINT WARNING * * *
The meliai zombie hits you.
* * * LOW HITPOINT WARNING * * *
Unknown command.
As you read the scroll of holy word, it crumbles to dust.
You speak a Word of immense power!
The meliai zombie convulses!
The meliai zombie hits you but does no damage.
The meliai zombie barely misses you.
It was a potion of curing.
You feel better. The meliai zombie hits you.
* * * LOW HITPOINT WARNING * * *
The meliai zombie hits you but does no damage.
The meliai zombie hits you!
You die...

###.....####.#.#######.#
#.........##.#.# #.#
#.#............# #.#
#.#............# #.#
#.###.....###..# #.# #.
#o###)# #..# #.#
######.###.# #.#
#..#######.#
...o..o..o.# #Z#
#..........#
#####.##...# #@#
#.####.###.# # #...# #.#
#.# #.# #.# #...# #.#
#.# #.# #.# .....##.#
#.# #.# #.# #.###.##.#
#.# #.# #.# .. #....#
#.####.###.#
##.###.##.###.....†....#
.................#####
..################


You could see a meliai zombie (dazed).

Vanquished Creatures
  An ogre (D:5)
  A necrophage (D:6)
  A phantom (D:6)
  Blork the orc (D:5)
  A water moccasin zombie (D:5)
  3 scorpions (D:5)
  A water moccasin skeleton (D:5)
  A centaur skeleton (D:6)
  A hound (D:4)
  2 orc priests
  Ijyb (D:3)
  Jessica (D:2)
  4 iguanas
  An orc wizard (D:3)
  A hound zombie (D:5)
  A hound skeleton (D:4)
  Robin (D:2)
  4 adders
  A gnoll (D:3)
  2 adder skeletons (D:4)
  2 worms
  4 dart slugs
  9 orcs (D:4)
  3 bats
  5 endoplasms
  4 giant cockroaches
  11 goblins
  13 hobgoblins
  12 kobolds
  2 quokkas (D:1)
  10 ball pythons
  5 frilled lizards
  5 rats
115 creatures vanquished.

Notes
Turn   | Place    | Note
-------+----------+-------------------------------------------
     0 | D:1      | freelancePsychic the Djinni Air Elementalist began the
                  | quest for the Orb.
     0 | D:1      | Reached XP level 1. HP: 15/15 MP: 0/0
   198 | D:1      | Reached XP level 2. HP: 16/22 MP: 0/0
   597 | D:1      | Reached skill level 1 in Fighting
   672 | D:1      | Found a faded altar of an unknown god.
   749 | D:1      | Reached skill level 3 in Spellcasting
   749 | D:1      | Reached XP level 3. HP: 20/27 MP: 0/0
   749 | D:1      | Learned a level 1 spell: Slow
  1474 | D:2      | Noticed Robin
  1494 | D:2      | Killed Robin
  1495 | D:2      | Reached XP level 4. HP: 11/33 MP: 0/0
  2013 | D:2      | Noticed Jessica
  2017 | D:2      | Killed Jessica
  2724 | D:3      | Reached XP level 5. HP: 36/38 MP: 0/0
  2724 | D:3      | Learned a level 2 spell: Wereblood
  3472 | D:3      | Reached skill level 4 in Spellcasting
  3686 | D:3      | Reached XP level 6. HP: 43/45 MP: 0/0
  3903 | D:3      | Noticed Ijyb
  3918 | D:3      | Killed Ijyb
  4088 | D:3      | Found a basalt altar of Yredelemnul.
  5099 | D:4      | Found a staircase to the Ecumenical Temple.
  5361 | Temple   | Entered the Ecumenical Temple
  5743 | Temple   | Became a worshipper of Makhleb the Destroyer
  5830 | D:4      | Found a white marble altar of Elyvilon.
  6542 | D:4      | Reached XP level 7. HP: 36/50 MP: 0/0
  6542 | D:4      | Learned a level 3 spell: Conjure Flame
  6644 | D:5      | Entered Level 5 of the Dungeon
  6664 | D:5      | Reached skill level 5 in Spellcasting
  7215 | D:5      | Found a runed translucent door.
  7215 | D:5      | Noticed ytrimaz's ghost (amateur DsGl)
  7316 | D:5      | Noticed Blork the orc
  7325 | D:5      | Killed Blork the orc
  7328 | D:5      | Reached XP level 8. HP: 21/58 MP: 0/0
  8048 | D:5      | Found a sacrificial altar of Ru.
  8134 | D:5      | Reached skill level 6 in Spellcasting
  8349 | D:6      | Found a shimmering altar of Xom.
  8614 | D:6      | Reached skill level 5 in Fighting
  9002 | D:6      | Slain by a meliai zombie

Illustrated notes

Levels and vault maps discovered:
D:1:      dpeg_arrival_houses_and_road, layout_rooms,
          dreamdust_ecumenical_altar_hidden_monk_grotto,
          minmay_misc_feat_columns, roderic_lattice_a
D:2:      layout_loops_ring, uniq_robin, uniq_jessica
D:3:      layout_basic, mainiacjoe_overflow_six_doors_small,
          hangedman_feature_mirror, minmay_increasing_density, uniq_ijyb
D:4:      layout_basic, overflow_temple_1_default,
          minmay_temple_entry_stoned_glass, hex_intersection
D:5:      layout_loops_ring, nicolae_ru_path_of_blood, gammafunk_ghost_grave,
          uniq_blork_the_orc
D:6:      layout_loops_ring, mainiacjoe_overflow_surrounded_room,
          corexii_leaking_fountain
Temple:   minmay_temple_forest_path

Skill      XL: |  1  2  3  4  5  6  7  8 |
---------------+-------------------------+-----
Fighting       | 1 2 3 4 5 |  5.2
Spellcasting   | 3 4 5 6 |  6.4
Dodging        | |  2.1
Stealth        | |  1.5

Action                   |  1- 3 |  4- 6 |  7- 9 || total
-------------------------+-------+-------+-------++-------
Melee: Unarmed           |       |     2 |     1 ||     3
 Cast: Shock             |    68 |    76 |    25 ||   169
       Static Discharge  |     1 |    54 |    43 ||    98
  Use: Scroll            |     2 |       |     6 ||     8
       Potion            |       |       |     1 ||     1
 Stab: Sleeping          |       |     1 |       ||     1
Armor: Robe              |     1 |     5 |     9 ||    15
Dodge: Dodged            |     3 |    22 |    29 ||    54

Table legend: (Time is in decaauts)
 A = Elapsed time spent in this place.
 B = Non-inter-level travel time spent in this place.
 C = Inter-level travel time spent in this place.
 D = Time resting spent in this place.
 E = Time spent auto-exploring this place.
 F = Levels seen in this place.
 G = Mean time per level.
                   A        B        C        D        E       F      G
               +--------+--------+--------+--------+--------+-----+--------+
         Total |   9006 |   8739 |    267 |    862 |   7110 |   7 | 1286.6 |
       Dungeon |   8577 |   8389 |    188 |    862 |   6774 |   6 | 1429.5 |
        Temple |    429 |    350 |     79 |      0 |    336 |   1 |  429.0 |
               +--------+--------+--------+--------+--------+-----+--------+

Top non-repeatable levels by time:
     D:3: 2564 daAuts
     D:5: 1505 daAuts
     D:4: 1471 daAuts
     D:1: 1404 daAuts
     D:2: 961 daAuts
     D:6: 670 daAuts
  Temple: 429 daAuts
